Epic comeback from 19 VP

Match 32044556
End
Panzergrenadier Squad
250 Light Carrier
Panzergrenadier Squad
Construct Light Support Kompanie
Fire Support Elements
Panzergrenadier Squad
le.IG 18 Mechanized Group
Construct Mechanized Kompanie
Selects Italian Infantry
Selects Guastatori Squad
Guastatori Squad
Pak 38 Anti-tank Gun Team
Selects Registered Artillery
Construct Panzerarmee Kommand
Selects Defensive Operations
Walking Stuka Rocket Launcher
Veteran Squad Leaders
Armored Reserves
Registered Artillery
StuG Assault Group
254 Reconnaissance Tractor
Selects Prepared Positions
Selects Towed Cannone da 105/28 Field Howitzer
Towed Cannone da 105/28 Field Howitzer
Vehicle Survival Package
Rapid Advance
Selects Prepared Positions
Tiger Heavy Tank
Emergency Repair Kits
Selects Obice 305mm Barrage
Registered Artillery
Tungsten Core Ammunition
Advanced Optics
Panzerpioneer Squad
Registered Artillery
Advanced Field Repairs
Pinhi
Mother Teresa
MoriMusic
达拉姆第一开矿者卡尔大理石
Uber Pwnage
AHNSHI
0
0

Comments sign in to comment!

No comments posted yet!